TOP OF THE 1ST |
Pawtucket Red Sox batting - Pitching for Salt Lake Bees : RHP Doug Nickey
|
Pitching: RHP Doug Nickey
|
|
Batting: LHB Tim Fuller
|
0-0: Foul Ball, location: 2F 0-1: Fly out, F8 (Flyball, 8RM, EV 86.9 MPH)
|
Batting: RHB Brandon Perris
|
0-0: Called Strike 0-1: Foul Ball, location: 2F 0-2: Ball 1-2: Foul Ball, location: 2F 1-2: Ball 2-2: Fly out, F7 (Flyball, 7LMF, EV 104.4 MPH)
|
Batting: RHB Jose Diaz
|
0-0: Swinging Strike 0-1: Ball 1-1: Foul Ball, location: 2F 1-2: Strikes out swinging
|
Top of the 1st over - 0 runs, 0 hits, 0 errors, 0 left on base; Pawtucket 0 - Salt Lake 0 |
BOTTOM OF THE 1ST |
Salt Lake Bees batting - Pitching for Pawtucket Red Sox : RHP Mike Schroeder
|
Pitching: RHP Mike Schroeder
|
|
Batting: SHB Butch Brown
|
0-0: Ball 1-0: Ball 2-0: Ball 3-0: Base on Balls
|
Batting: RHB Brandon Davis
|
0-0: Ball 1-0: Ball Butch Brown steals 2nd base (no throw) 2-0: Ball 3-0: Called Strike 3-1: Base on Balls
|
Batting: RHB Melvin Gomez
|
0-0: Ball 1-0: Ball 2-0: Swinging Strike 2-1: Foul Ball, location: 2F 2-2: Foul Ball, location: 2F 2-2: Fly out, F3 (Line Drive, 3L, EV 63.8 MPH) Lined into DP, U3 (Line Drive, 3L, EV 65.0 MPH)
|
Batting: SHB Mario Padron
|
0-0: Ball 1-0: Ball 2-0: 2-RUN HOME RUN (Flyball, 89XD, EV 103.1 MPH), Distance : 405 ft
|
Batting: SHB Todd Hewitt
|
0-0: Foul Ball, location: 2F 0-1: Ball 1-1: Called Strike 1-2: Ball 2-2: Ball 3-2: SOLO HOME RUN (Flyball, 89XD, EV 106.9 MPH), Distance : 409 ft
|
Batting: RHB Eric Davis
|
0-0: Ball 1-0: Swinging Strike 1-1: Ball 2-1: Ball 3-1: Base on Balls
|
Batting: RHB Roberto Duron
|
0-0: Called Strike 0-1: Foul Ball, location: 2F 0-2: Ball 1-2: Strikes out swinging
|
Bottom of the 1st over - 3 runs, 2 hits, 0 errors, 1 left on base; Pawtucket 0 - Salt Lake 3 |
TOP OF THE 2ND |
Pawtucket Red Sox batting - Pitching for Salt Lake Bees : RHP Doug Nickey
|
Batting: LHB David Moore
|
0-0: Called Strike 0-1: Ball 1-1: Foul Ball, location: 2F 1-2: Ground out U3 (Groundball, 3L, EV 83.1 MPH)
|
Batting: RHB Ernie Genier
|
0-0: Foul Ball, location: 2F 0-1: Called Strike 0-2: Fly out, F4 (Line Drive, 34, EV 71.2 MPH)
|
Batting: RHB Eric Garrett
|
0-0: Called Strike 0-1: Foul Ball, location: 2F 0-2: Foul Ball, location: 2F 0-2: Hit by Pitch
|
Batting: LHB Dave Reyes
|
0-0: Ground out 6-3 (Groundball, 6S, EV 85.6 MPH)
|
Top of the 2nd over - 0 runs, 0 hits, 0 errors, 1 left on base; Pawtucket 0 - Salt Lake 3 |
BOTTOM OF THE 2ND |
Salt Lake Bees batting - Pitching for Pawtucket Red Sox : RHP Mike Schroeder
|
Batting: RHB Juan Rosa
|
0-0: Ball 1-0: Called Strike 1-1: Foul Ball, location: 2F 1-2: Ball 2-2: Ball 3-2: Strikes out swinging
|
Batting: LHB Larry Prey
|
0-0: Fly out, F9 (Flyball, 9D, EV 80.0 MPH)
|
Batting: SHB Butch Brown
|
0-0: Fly out, F6 (Popup, 6MD, EV 56.9 MPH)
|
Bottom of the 2nd over - 0 runs, 0 hits, 0 errors, 0 left on base; Pawtucket 0 - Salt Lake 3 |
TOP OF THE 3RD |
Pawtucket Red Sox batting - Pitching for Salt Lake Bees : RHP Doug Nickey
|
Batting: RHB Neil Mautone
|
0-0: SINGLE (Line Drive, 9S, EV 93.1 MPH)
|
Batting: RHB Joe Evrard
|
0-0: Grounds out, U3 (Groundball, 3L, EV 99.4 MPH)
|
Batting: LHB Tim Fuller
|
0-0: Ball 1-0: Swinging Strike 1-1: Swinging Strike 1-2: Ball 2-2: Ball 3-2: Base on Balls
|
Batting: RHB Brandon Perris
|
0-0: Ball 1-0: Ball 2-0: Ball 3-0: Called Strike 3-1: Base on Balls Neil Mautone to third Tim Fuller to second
|
Batting: RHB Jose Diaz
|
0-0: Foul Ball, location: 2F 0-1: Ball 1-1: Called Strike 1-2: DOUBLE (Flyball, 8RXD, EV 99.4 MPH) Neil Mautone scores Tim Fuller scores Brandon Perris to third Runner from 3rd tries for Home, SAFE, no throw by CF
|
Batting: LHB David Moore
|
0-0: Ball 1-0: Fly out, F9 (Flyball, 9D, EV 98.1 MPH) Runner from 2nd tags up, SAFE at 3rd, no throw by RF
|
Batting: RHB Ernie Genier
|
0-0: Ball 1-0: Called Strike 1-1: Foul Ball, location: 2F 1-2: Fly out, F8 (Flyball, 8RM, EV 91.2 MPH)
|
Top of the 3rd over - 3 runs, 2 hits, 0 errors, 1 left on base; Pawtucket 3 - Salt Lake 3 |
BOTTOM OF THE 3RD |
Salt Lake Bees batting - Pitching for Pawtucket Red Sox : RHP Mike Schroeder
|
Batting: RHB Brandon Davis
|
0-0: Ground out 1-3 (Groundball, 15S, EV 65.0 MPH)
|
Batting: RHB Melvin Gomez
|
0-0: Ball 1-0: Ball 2-0: Ball 3-0: Called Strike 3-1: Called Strike 3-2: Foul Ball, location: 2F 3-2: Fly out, F7 (Flyball, 78M, EV 86.9 MPH)
|
Batting: SHB Mario Padron
|
0-0: Swinging Strike 0-1: Ball 1-1: Called Strike 1-2: Strikes out looking
|
Bottom of the 3rd over - 0 runs, 0 hits, 0 errors, 0 left on base; Pawtucket 3 - Salt Lake 3 |
TOP OF THE 4TH |
Pawtucket Red Sox batting - Pitching for Salt Lake Bees : RHP Doug Nickey
|
Batting: RHB Eric Garrett
|
0-0: Ball 1-0: Ball 2-0: Ball 3-0: Base on Balls
|
Batting: LHB Dave Reyes
|
0-0: Called Strike 0-1: Called Strike 0-2: Foul Ball, location: 2F 0-2: SINGLE (Groundball, 34D, EV 101.9 MPH) Eric Garrett to second Runner from 2nd tries for 3rd, SAFE, throw by RF made to third Dave Reyes to second
|
Batting: RHB Neil Mautone
|
0-0: Swinging Strike 0-1: Ball 1-1: Ball 2-1: Foul Ball, location: 2F 2-2: Ground out 5-3 (Groundball, 56S, EV 63.1 MPH) Eric Garrett scores Dave Reyes to third
|
Batting: RHB Joe Evrard
|
0-0: Fly out, F7 (Flyball, 7LM, EV 91.9 MPH) Runner from 3rd tags up, SCORES, no throw by LF
|
Batting: LHB Tim Fuller
|
0-0: Called Strike 0-1: Ball 1-1: Ground out 1-3 (Groundball, 34S, EV 75.0 MPH)
|
Top of the 4th over - 2 runs, 1 hit, 0 errors, 0 left on base; Pawtucket 5 - Salt Lake 3 |
BOTTOM OF THE 4TH |
Salt Lake Bees batting - Pitching for Pawtucket Red Sox : RHP Mike Schroeder
|
Batting: SHB Todd Hewitt
|
0-0: Foul Ball, location: 2F 0-1: Called Strike 0-2: Ball 1-2: Ball 2-2: SINGLE (Groundball, 56D, EV 98.1 MPH)
|
Batting: RHB Eric Davis
|
0-0: Ball 1-0: Foul Ball, location: 2F 1-1: Called Strike 1-2: Foul Ball, location: 2F 1-2: Foul Ball, location: 2F 1-2: Fly out, F7 (Flyball, 78S, EV 72.5 MPH)
|
Batting: RHB Roberto Duron
|
0-0: Ball 1-0: Swinging Strike Pickoff Throw to First - Out! 1-3 1-1: Swinging Strike 1-2: Strikes out swinging
|
Bottom of the 4th over - 0 runs, 1 hit, 0 errors, 0 left on base; Pawtucket 5 - Salt Lake 3 |
TOP OF THE 5TH |
Pawtucket Red Sox batting - Pitching for Salt Lake Bees : RHP Doug Nickey
|
Batting: RHB Brandon Perris
|
0-0: Swinging Strike 0-1: Foul Ball, location: 2F 0-2: Strikes out swinging
|
Batting: RHB Jose Diaz
|
0-0: SOLO HOME RUN (Flyball, 7D, EV 107.5 MPH), Distance : 418 ft
|
Batting: LHB David Moore
|
0-0: Called Strike 0-1: Ball 1-1: Ground out 5-3 (Groundball, 5L, EV 86.2 MPH)
|
Batting: RHB Ernie Genier
|
0-0: SINGLE (Line Drive, 9S, EV 107.5 MPH)
|
Batting: RHB Eric Garrett
|
0-0: Fielders Choice at 2nd, U4 (Groundball, 4M, EV 85.6 MPH)
|
Top of the 5th over - 1 run, 2 hits, 0 errors, 1 left on base; Pawtucket 6 - Salt Lake 3 |
BOTTOM OF THE 5TH |
Salt Lake Bees batting - Pitching for Pawtucket Red Sox : RHP Mike Schroeder
|
Batting: RHB Juan Rosa
|
0-0: Ball 1-0: Ball 2-0: Ball 3-0: Called Strike 3-1: Fly out, F8 (Line Drive, 8RM, EV 86.9 MPH)
|
Batting: LHB Larry Prey
|
0-0: Swinging Strike 0-1: Swinging Strike 0-2: Ball 1-2: Ball 2-2: Foul Ball, location: 2F 2-2: Foul Ball, location: 2F 2-2: Foul Ball, location: 2F 2-2: Strikes out looking
|
Pitching: LHP Ken Intagliata
|
|
Batting: SHB Butch Brown
|
0-0: Called Strike 0-1: Foul Ball, location: 2F 0-2: Ball 1-2: Foul Ball, location: 2F 1-2: Foul Ball, location: 2F 1-2: Fly out, F9 (Line Drive, 9LS, EV 94.4 MPH)
|
Bottom of the 5th over - 0 runs, 0 hits, 0 errors, 0 left on base; Pawtucket 6 - Salt Lake 3 |
TOP OF THE 6TH |
Pawtucket Red Sox batting - Pitching for Salt Lake Bees : RHP Doug Nickey
|
Batting: LHB Dave Reyes
|
0-0: Called Strike 0-1: Called Strike 0-2: Ball 1-2: Strikes out swinging
|
Batting: RHB Neil Mautone
|
0-0: Ball 1-0: Foul Ball, location: 2F 1-1: Foul Ball, location: 2F 1-2: Strikes out swinging
|
Batting: RHB Joe Evrard
|
0-0: Ball 1-0: Swinging Strike 1-1: Ground out 6-3 (Groundball, 6M, EV 83.8 MPH)
|
Top of the 6th over - 0 runs, 0 hits, 0 errors, 0 left on base; Pawtucket 6 - Salt Lake 3 |
BOTTOM OF THE 6TH |
Salt Lake Bees batting - Pitching for Pawtucket Red Sox : LHP Ken Intagliata
|
Batting: RHB Brandon Davis
|
0-0: Ball 1-0: Called Strike 1-1: Ball 2-1: Called Strike 2-2: Foul Ball, location: 2F 2-2: Strikes out swinging
|
Batting: RHB Melvin Gomez
|
0-0: Swinging Strike 0-1: Fly out, F5 (Line Drive, 5, EV 77.5 MPH)
|
Batting: SHB Mario Padron
|
0-0: Foul Ball, location: 2F 0-1: Swinging Strike 0-2: Strikes out swinging
|
Bottom of the 6th over - 0 runs, 0 hits, 0 errors, 0 left on base; Pawtucket 6 - Salt Lake 3 |
TOP OF THE 7TH |
Pawtucket Red Sox batting - Pitching for Salt Lake Bees : RHP Doug Nickey
|
Pitching: LHP Dan Poirier
|
|
Batting: LHB Tim Fuller
|
0-0: Swinging Strike 0-1: Foul Ball, location: 2F 0-2: Ball 1-2: Foul Ball, location: 2F 1-2: Strikes out swinging
|
Batting: RHB Brandon Perris
|
0-0: Called Strike 0-1: Ball 1-1: Ground out 6-3 (Groundball, 6S, EV 85.0 MPH)
|
Batting: RHB Jose Diaz
|
0-0: Fly out, F8 (Flyball, 89D, EV 101.9 MPH)
|
Top of the 7th over - 0 runs, 0 hits, 0 errors, 0 left on base; Pawtucket 6 - Salt Lake 3 |
BOTTOM OF THE 7TH |
Salt Lake Bees batting - Pitching for Pawtucket Red Sox : LHP Ken Intagliata
|
Batting: SHB Todd Hewitt
|
0-0: Foul Ball, location: 2F 0-1: Ball 1-1: Swinging Strike 1-2: Foul Ball, location: 2F 1-2: Ball 2-2: Strikes out swinging
|
Batting: RHB Eric Davis
|
0-0: Swinging Strike 0-1: Swinging Strike 0-2: Strikes out looking
|
Batting: RHB Roberto Duron
|
0-0: Ground out 4-3 (Groundball, 4M, EV 85.0 MPH)
|
Bottom of the 7th over - 0 runs, 0 hits, 0 errors, 0 left on base; Pawtucket 6 - Salt Lake 3 |
TOP OF THE 8TH |
Pawtucket Red Sox batting - Pitching for Salt Lake Bees : LHP Dan Poirier
|
Batting: LHB David Moore
|
0-0: Swinging Strike 0-1: SINGLE (Groundball, 13, EV 85.0 MPH) (infield hit)
|
Batting: RHB Ernie Genier
|
0-0: Called Strike 0-1: Ball 1-1: Foul Ball, location: 2F 1-2: Foul Ball, location: 2F 1-2: Strikes out swinging
|
Batting: RHB Eric Garrett
|
0-0: Ball 1-0: Ball 2-0: Ball 3-0: Base on Balls David Moore to second
|
Batting: LHB Dave Reyes
|
0-0: Ball 1-0: Fly out, F9 (Flyball, 9D, EV 93.1 MPH) Runner from 2nd tags up, SAFE at 3rd with throw by RF
|
Batting: RHB Neil Mautone
|
0-0: Called Strike 0-1: Called Strike 0-2: Ball 1-2: Strikes out swinging
|
Top of the 8th over - 0 runs, 1 hit, 0 errors, 2 left on base; Pawtucket 6 - Salt Lake 3 |
BOTTOM OF THE 8TH |
Salt Lake Bees batting - Pitching for Pawtucket Red Sox : LHP Ken Intagliata
|
Pitching: RHP Aaron Brannon
|
|
Batting: RHB Juan Rosa
|
0-0: Called Strike 0-1: Ball 1-1: Called Strike 1-2: Ground out 4-3 (Groundball, 4, EV 85.0 MPH)
|
Batting: LHB Larry Prey
|
0-0: Ball 1-0: Foul Ball, location: 2F 1-1: Called Strike 1-2: Strikes out swinging
|
Batting: SHB Butch Brown
|
0-0: Ball 1-0: Swinging Strike 1-1: Ball 2-1: Ground out 6-3 (Groundball, 6S, EV 84.4 MPH)
|
Bottom of the 8th over - 0 runs, 0 hits, 0 errors, 0 left on base; Pawtucket 6 - Salt Lake 3 |
TOP OF THE 9TH |
Pawtucket Red Sox batting - Pitching for Salt Lake Bees : LHP Dan Poirier
|
Pitching: RHP Travis Tovey
|
|
Batting: RHB Joe Evrard
|
0-0: Foul Ball, location: 2F 0-1: Foul Ball, location: 2F 0-2: Ball 1-2: Strikes out swinging
|
Batting: LHB Tim Fuller
|
0-0: Ball 1-0: Ball 2-0: Foul Ball, location: 2F 2-1: Ball 3-1: Swinging Strike 3-2: Strikes out looking
|
Batting: RHB Brandon Perris
|
0-0: Called Strike 0-1: Ball 1-1: Ball 2-1: Ball 3-1: Foul Ball, location: 2F 3-2: Foul Ball, location: 2F 3-2: Base on Balls
|
Batting: RHB Jose Diaz
|
0-0: Called Strike 0-1: Ball 1-1: Ball 2-1: Fly out, F3 (Popup, 3L, EV 60.6 MPH)
|
Top of the 9th over - 0 runs, 0 hits, 0 errors, 1 left on base; Pawtucket 6 - Salt Lake 3 |
BOTTOM OF THE 9TH |
Salt Lake Bees batting - Pitching for Pawtucket Red Sox : RHP Aaron Brannon
|
Pitching: RHP John Jordan
|
|
Now at 1B: Guillermo Quintero
|
|
Batting: RHB Brandon Davis
|
0-0: Called Strike 0-1: Ground out U3 (Groundball, 34, EV 85.6 MPH)
|
Batting: RHB Melvin Gomez
|
0-0: Foul Ball, location: 2F 0-1: Foul Ball, location: 2F 0-2: Ground out 3-1 (Groundball, 34, EV 88.8 MPH)
|
Batting: SHB Mario Padron
|
0-0: Ball 1-0: Ball 2-0: Foul Ball, location: 2F 2-1: Foul Ball, location: 2F 2-2: Foul Ball, location: 2F 2-2: SINGLE (Line Drive, 34D, EV 95.6 MPH)
|
Batting: SHB Todd Hewitt
|
0-0: Called Strike 0-1: Called Strike 0-2: Foul Ball, location: 2F 0-2: Foul Ball, location: 2F 0-2: Foul Ball, location: 2F 0-2: Strikes out swinging
|
Bottom of the 9th over - 0 runs, 1 hit, 0 errors, 1 left on base; Pawtucket 6 - Salt Lake 3 |
|